Map: Oxide LE

Players

Byrd - Winner!

  • Race: Zerg Zerg
  • League: Silver

nDymion

  • Race: Protoss Protoss
  • League: Master

VOD

Have the link to the VOD?

Description

Time

  • Played on: Sept. 29, 2021, 11:44 a.m.
  • Length: 5:07
Show
View Real Time Build Order
Export as new Build Order

Byrd Zerg - Winner!

Build Orders: Pool First 

Get SALT Encoding   

  12  0:01  Drone  
  13  0:13  Overlord  
  13  0:17  Drone  
  13  0:20  Extractor  
  13  0:24  Drone  
  14  0:33  Drone  
  15  0:45  Spawning Pool  
  15  0:49  Drone  
  15  0:54  Drone  
  16  0:58  Drone  
  17  1:26  Hatchery  
  17  1:27  Drone  
  17  1:35  Metabolic Boost  
  17  1:39  Drone  
  18  1:44  Zergling x2  
  19  1:49  Zergling x2  
  19  1:51  Zergling x2  
  21  2:01  Hatchery  
  21  2:09  Lair  
  21  2:21  Zergling x2  
  22  2:33  Overlord  
  22  2:53  Zergling x6  
  26  3:05  Zergling x2  
  26  3:23  Zergling x2  
  27  3:32  Zergling x2  
  28  3:38  Zergling x2  
  29  3:48  Zergling x2  
  30  3:59  Zergling x2  
  29  4:25  Drone  
  29  4:26  Drone  
  29  4:28  Queen  
  29  4:29  Queen  
Show
View Real Time Build Order
Export as new Build Order

nDymion Protoss 

Build Orders:  

Get SALT Encoding   

  12  0:03  Probe  
  13  0:19  Pylon  
  13  0:22  Assimilator  
  13  0:24  Probe  
  14  0:38  Probe  
  15  0:47  Gateway  
  15  1:05  Probe (Chrono Boost)  
  16  1:15  Probe (Chrono Boost)  
  17  1:20  Probe (Chrono Boost)  
  18  1:31  Probe  
  19  1:38  Cybernetics Core  
  19  1:43  Probe  
  20  1:55  Probe  
  21  2:07  Nexus  
  21  2:11  Pylon  
  21  2:14  Adept  
  23  2:16  Warp Gate (Chrono Boost)  
  23  2:28  Assimilator  
  23  2:29  Probe  
  24  2:43  Probe  
  25  2:45  Adept (Chrono Boost)  
  27  2:57  Robotics Facility  
  27  2:59  Forge  
  27  3:13  Probe  
  28  3:25  Probe  
  29  3:33  Probe  
  28  3:37  Probe  
  29  3:45  Probe, Gateway  
  30  3:49  Observer  
  30  3:52  Gateway  
  31  4:04  Probe (Chrono Boost)  
  31  4:05  Probe (Chrono Boost), Shield Battery  
  33  4:10  Observer  
  33  4:14  Probe x2 (Chrono Boost), Pylon  
  36  4:19  Probe (Chrono Boost)  
  31  4:28  Stalker  
  13  4:40  Stalker  
  12  5:00  Zealot  
Tags
 
Add a new tag
Caveats
  • Supply blocks, unpowered buildings, or Contaminate may cause inaccurate times.
  • Supply counts are checked every 10 seconds.